 Dungeon Crawl Stone Soup version 0.23-a0-622-g59b4ea9 (webtiles) character file.

41799 Firecrotchwizard the Cleaver (level 13, 0/129 HPs)
             Began as a Deep Dwarf Fighter on Dec 23, 2018.
             Was a Priest of Elyvilon.
             Killed from afar by a molten gargoyle (19 damage)
             ... with a bolt of magma
             ... on level 6 of the Lair of Beasts on Dec 24, 2018.
             The game lasted 00:51:04 (13401 turns).

Firecrotchwizard the Cleaver (Deep Dwarf Fighter)  Turns: 13401, Time: 00:51:04

Health: 0/129      AC: 18    Str: 25    XL:     13   Next: 82%
Magic:  9/9        EV:  9    Int:  9    God:    Elyvilon [***...]
Gold:   954        SH: 13    Dex: 15    Spells: 12/12 levels left

rFire    . . .     SeeInvis .   i - +8 whip "Snakebite" {curare, rPois}
rCold    . . .     Gourm    .   c - +0 shield
rNeg     . . .     Faith    +   M - +4 scale mail {rPois}
rPois    +         Spirit   .   B - +1 hat
rElec    .         Reflect  .   (no cloak)
rCorr    .         Harm     .   F - +1 pair of gloves
MR       +....                  b - +1 pair of boots
Stlth    ..........             L - amulet of faith {Faith, !P}
HPRegen  0.00/turn              (no ring)
MPRegen  0.11/turn              h - +3 ring of dexterity

@: lethally poisoned (0 -> 0), non-regenerating
A: damage resistance, heal wounds, sense surroundings 2, no regeneration
a: Heal Wounds, Lesser Healing, Heal Other, Purification, Divine Protection,
Renounce Religion


You were on level 6 of the Lair of Beasts.
You worshipped Elyvilon.
Elyvilon was most pleased with you.
You were hungry.

You visited 2 branches of the dungeon, and saw 16 of its levels.
You also visited: Sewer.

You collected 993 gold pieces.
You spent 39 gold pieces at shops.

Inventory:

Hand Weapons
 i - the +8 whip "Snakebite" (weapon) {curare, rPois}
   (You found it on level 1 of the Lair of Beasts)

   It poisons the flesh of those it strikes.
   It protects you from poison.
 o - a +3 hand axe of chopping
   (You found it on level 2 of the Dungeon)
 O - a +3 war axe
   (You found it on level 5 of the Lair of Beasts)
Missiles
 t - 6 poisoned javelins (quivered)
 D - 3 curare-tipped needles
 E - a throwing net {=f, !d}
Armour
 b - a +1 pair of boots (worn)
   (You found it on level 1 of the Lair of Beasts)
 c - a +0 shield (worn)
 B - a +1 hat (worn)
   (You took it off Gastronok on level 2 of the Lair of Beasts)
 F - a +1 pair of gloves (worn)
   (You found it on level 7 of the Dungeon)
 M - a +4 scale mail of poison resistance (worn)
   (You took it off Urug on level 10 of the Dungeon)
Jewellery
 h - a +3 ring of dexterity (right hand)
   (You found it on level 6 of the Dungeon)
 p - an uncursed ring of protection from cold {rC+, !d}
   (You found it on level 2 of the Dungeon)
 u - a cursed ring of protection from cold {rC+, !d}
   (You found it on level 4 of the Lair of Beasts)
 L - an amulet of faith (around neck) {Faith, !P}
   (You found it on level 4 of the Lair of Beasts)
Wands
 y - a wand of acid (9)
   (You found it on level 4 of the Dungeon)
 C - a wand of polymorph (11)
   (You found it on level 6 of the Dungeon)
 G - a wand of enslavement (6)
   (You found it on level 7 of the Dungeon)
 K - a wand of flame (14)
   (You found it on level 9 of the Dungeon)
 N - a wand of iceblast (10)
   (You found it on level 5 of the Lair of Beasts)
Scrolls
 g - 10 scrolls of remove curse
 r - 2 scrolls of fear
 s - a scroll of fog
 v - 8 scrolls of teleportation
 w - a scroll of enchant weapon
 x - 2 scrolls of immolation {!r}
 H - 3 scrolls of blinking {!r}
 J - 2 scrolls of amnesia
 P - a scroll of magic mapping {!r}
 Q - a scroll of identify
 S - a scroll of summoning
Potions
 a - 2 potions of cancellation {unknown}
 d - 4 potions of might
 e - 5 potions of lignification {!q}
 j - 3 potions of heal wounds
 k - 2 potions of resistance {unknown}
 l - 3 potions of curing
 m - 4 potions of haste
 n - 3 potions of flight
 q - 5 potions of mutation {unknown}
 z - a potion of degeneration {unknown}
 A - a potion of brilliance {unknown}
 I - 3 potions of magic {unknown}
Comestibles
 f - 18 rations
 R - 2 chunks of flesh {@w0}


   Skills:
 + Level 12.0 Fighting
 - Level 14.8 Axes
 + Level 9.6 Armour
 + Level 12.6 Shields
 - Level 7.7 Invocations


You had 12 spell levels left.
You didn't know any spells.
Your spell library was empty.

Dungeon Overview and Level Annotations

Branches:
Dungeon (10/15)            Temple (0/1) D:6            Lair (6/6) D:10
  Swamp (0/4) Lair:4        Snake (0/4) Lair:2        Slime (0/5) Lair:5
    Orc (0/2) D:9

Altars:
Cheibriados
Elyvilon
Fedhas
Kikubaaqudgha
Nemelex Xobeh
Wu Jian
Xom
Jiyva

Shops:
D:6 =?   D:10 [

Annotations:
D:5 1 runed door
D:7 2 runed doors, snuffchall's ghost, novice DEFE
Lair:4 3 runed doors, PriceMaster's ghost, journeyman TrMo


Innate Abilities, Weirdness & Mutations

You are resistant to damage.
You can heal yourself by infusing magical energy.
You passively map the area around you.
You do not regenerate.


Message History

The hell hound bites you but does no damage.
The black mamba bites you but does no damage.
You take 1 damage, and have 61/128 hp.
You hit the black mamba.
You kill the hell hound!
Your Fighting skill increases to level 12!
The hell hound bites you but does no damage.
The black mamba barely misses you.
A basilisk comes into view.
You whack the black mamba! The black mamba bites you.
You block the hell hound's attack.
You take 4 damage, and have 58/129 hp.
You whack the black mamba!
You kill the black mamba!
The hell hound bites you!
You take 7 damage, and have 51/129 hp.
You miss the hell hound. The hell hound breathes flames at you.
The blast of flame hits you!
The molten gargoyle blasts magma at you!
The bolt of magma hits you!
* * * LOW HITPOINT WARNING * * *
A hell hound comes into view.
You take 30 damage, and have 21/129 hp.
MASSIVE DAMAGE!!
You are healed.
You feel quite a bit more hungry.
You can no longer provide greater healing for yourself.
The hell hound breathes flames at you. The blast of flame hits you!
You block the hell hound's attack.
The molten gargoyle blasts magma at you!
The bolt of magma hits the hell hound.
The hell hound partially resists.
The bolt of magma hits you!
You regained 19 hp, and now have 40/129 hp.
You now have 7/9 mp.
You closely miss the hell hound. You block the hell hound's attack.
The hell hound bites you but does no damage.
You closely miss the hell hound. You block the hell hound's attack.
The hell hound breathes flames at you. The blast of flame hits you!
* * * LOW HITPOINT WARNING * * *
The molten gargoyle blasts magma at you!
The bolt of magma hits the hell hound.
The hell hound partially resists.
The bolt of magma misses you.
You take 9 damage, and have 31/129 hp.
You whack the hell hound!
You kill the hell hound!
The hell hound barely misses you. You block the hell hound's attack.
You closely miss the hell hound. You closely miss the hell hound.
The hell hound bites you but does no damage.
The basilisk gazes at you. You resist with almost no effort.
You whack the hell hound!
You kill the hell hound!
The basilisk hisses menacingly.
You whack the basilisk!
The basilisk is poisoned.
The basilisk looks as sick as possible!
The basilisk convulses.
The basilisk seems to slow down.
You closely miss the basilisk. The basilisk gazes at you.
You resist with almost no effort.
You whack the basilisk!
The basilisk looks as sick as possible!
You hit the basilisk.
You kill the basilisk!
You fail to use your ability.
You feel much better.
The molten gargoyle blasts magma at you!
The bolt of magma hits you!
You regained 8 hp, and now have 39/129 hp.
The molten gargoyle blasts magma at you!
The bolt of magma hits you!
* * * LOW HITPOINT WARNING * * *
Things that are here:
a black mamba corpse; a hell hound corpse You take 5 damage, and have 34/129 hp.
The molten gargoyle closely misses you.
You closely miss the molten gargoyle. You block the molten gargoyle's attack.
You barely miss the molten gargoyle. You whack the molten gargoyle!
The molten gargoyle hits you but does no damage.
You closely miss the molten gargoyle. The molten gargoyle misses you.
You hit the molten gargoyle but do no damage.
Your scale mail prevents you from hitting the molten gargoyle.
The molten gargoyle blasts magma at you!
The bolt of magma hits you!
* * * LOW HITPOINT WARNING * * *
You take 15 damage, and have 19/129 hp.
You hit the molten gargoyle. You hit the molten gargoyle.
You block the molten gargoyle's attack.
You hit the molten gargoyle. You block the molten gargoyle's attack.
MP restored: 9 You whack the molten gargoyle!
You hit the molten gargoyle.
The molten gargoyle hits you but does no damage.
You hit the molten gargoyle but do no damage.
Your scale mail prevents you from hitting the molten gargoyle.
You are feeling hungry.
The molten gargoyle blasts magma at you!
The bolt of magma hits you!
You die...

, * ,k≈≈≈§≈........# ≈
, , ≈≈§≈§≈......... ≈
* §≈≈≈≈≈≈§≈≈≈.......#
* ≈
≈≈§≈≈§≈§≈≈≈≈.......# *
*8 ,
§≈§≈§≈≈§≈§........
..§§§§§≈≈≈.....†.†# **
, , ,
,.....≈§..§.......#* ,
..............†##* , ≈
, ..........<..@.#, *
≈ #P....P.....9#......
,**≈≈ #
####..##......#.####..
≈ . #P##..#.#......##
*, , ,
###......#.........# ,
........#..........#*
,, ≈
....................#
, *
.P......#P..........#
8 , ≈
...#....##P..........*
** *


You could see a molten gargoyle.

Vanquished Creatures
  Rupert (Lair:4)
  Gastronok (Lair:2)
  Snorg (Lair:5)
  A hydra (Lair:4)
  Erica (Lair:2)
  Urug (D:10)
  Pikel (D:3)
  16 elephants
  8 black mambas
  11 spiny frogs
  A torpor snail (Lair:2)
  3 rime drakes
  A kobold demonologist (D:10)
  5 komodo dragons
  6 tyrant leeches (Lair:2)
  A bog body (Lair:4)
  Grinder (D:4)
  3 slime creatures (Lair:5)
  10 blink frogs
  Prince Ribbit (D:7)
  9 hippogriffs
  Sigmund (D:5)
  A wraith (D:8)
  A wyvern (Lair:6)
  A vampire (D:10)
  15 yaks
  2 basilisks
  Grum (D:8)
  Edmund (D:4)
  7 swamp worms (Lair:2)
  2 nagas (Lair:2)
  15 water moccasins
  Duvessa (D:7)
  5 hell hounds (Lair:6)
  8 porcupines
  5 orc warriors
  Purgy (Sewer)
  An ice beast (D:5)
  4 black bears
  A necrophage (D:8)
  A sky beast (D:5)
  8 wolves
  3 centaurs
  2 ogres
  4 crocodiles
  A big kobold (D:9)
  Blork the orc (D:4)
  12 bullfrogs
  Dowan (D:7)
  A wyvern zombie (D:9)
  3 scorpions (D:10)
  9 killer bees
  5 wights (D:10)
  2 electric eels (Lair:5)
  A howler monkey (D:4)
  3 crimson imps
  A quasit (D:10)
  5 jellies
  5 orc priests
  2 bullfrog skeletons
  6 hounds
  7 orc wizards
  An iguana (D:8)
  7 worker ants
  A howler monkey skeleton (D:4)
  14 adders
  3 shadow imps
  An ooze (D:2)
  5 adder skeletons
  An adder zombie (D:6)
  3 worms
  A dart slug (D:1)
  10 leopard geckos
  22 orcs
  7 bats
  10 giant cockroaches
  9 goblins
  5 hobgoblins
  11 jackals
  13 kobolds
  6 quokkas
  6 ball pythons
  9 frilled lizards
  6 rats
  3 fungi (D:10)
  A plant (D:10)
394 creatures vanquished.

Vanquished Creatures (collateral kills)
  A crocodile (Lair:6)
1 creature vanquished.

Vanquished Creatures (others)
  A bullfrog (D:10)
  An iguana (D:10)
  An adder (D:4)
  A quokka (D:2)
  24 fungi
  10 plants
38 creatures vanquished.

Grand Total: 433 creatures vanquished

Notes
Turn   | Place    | Note
-------+----------+-------------------------------------------
     0 | D:1      | Firecrotchwizard the Deep Dwarf Fighter began the quest for
                  | the Orb.
     0 | D:1      | Reached XP level 1. HP: 20/20 MP: 1/1
   294 | D:1      | Reached XP level 2. HP: 25/27 MP: 2/2
  1076 | D:2      | Reached skill level 3 in Fighting
  1076 | D:2      | Reached skill level 3 in Axes
  1257 | D:2      | Found a white marble altar of Elyvilon.
  1280 | D:2      | Became a worshipper of Elyvilon the Healer
  1288 | D:2      | Reached XP level 3. HP: 31/34 MP: 3/3
  1720 | D:2      | Reached XP level 4. HP: 27/42 MP: 4/4
  1790 | D:2      | Noticed an orc warrior
  1796 | D:2      | Reached skill level 4 in Axes
  1796 | D:2      | Reached skill level 4 in Shields
  1800 | D:2      | Reached XP level 5. HP: 25/49 MP: 5/5
  1804 | D:2      | HP: 5/49 [orc warrior/+0 mace (20)]
  1811 | D:2      | Killed an orc warrior
  2130 | D:3      | meem: I am meem, an upgrade of beem built by MalcolmRose
                  | (check out Malcolm's DCSS vids and other projects at
                  | http://youtube.com/malcolmrosegaming). To have me follow
                  | you in your games, type !subscribemeem - to make me go away
                  | forever, type !quitmeem - For help, type: !meem
  2130 | D:3      | meem: I am meem, an upgrade of beem built by MalcolmRose
                  | (check out Malcolm's DCSS vids and other projects at
                  | http://youtube.com/malcolmrosegaming). To have me follow
                  | you in your games, type !subscribemeem - to make me go away
                  | forever, type !quitmeem - For help, type: !meem
  2191 | D:3      | Reached * piety under Elyvilon
  2219 | D:3      | Reached skill level 5 in Axes
  2407 | D:3      | Reached XP level 6. HP: 50/57 MP: 5/5
  2423 | D:3      | Found a snail-covered altar of Cheibriados.
  2534 | D:3      | Reached skill level 4 in Fighting
  2534 | D:3      | Reached skill level 1 in Invocations
  2826 | D:4      | Noticed Blork the orc
  2835 | D:4      | Killed Blork the orc
  2835 | D:4      | Reached skill level 2 in Invocations
  2862 | D:4      | Noticed Pikel
  2862 | D:4      | Noticed a slave
  2880 | D:3      | Killed Pikel
  2880 | D:3      | Reached skill level 7 in Axes
  2880 | D:3      | Reached skill level 4 in Invocations
  2880 | D:3      | Reached XP level 7. HP: 50/66 MP: 6/9
  3005 | D:4      | Found a glowing drain.
  3009 | D:4      | Reached skill level 5 in Fighting
  3019 | Sewer    | Entered a sewer
  3064 | Sewer    | Noticed Purgy
  3071 | Sewer    | Killed Purgy
  3071 | Sewer    | Reached XP level 8. HP: 71/74 MP: 10/10
  3279 | D:4      | Noticed Grinder
  3287 | D:4      | Killed Grinder
  3287 | D:4      | Reached skill level 8 in Axes
  3287 | D:4      | Reached skill level 5 in Invocations
  3288 | D:4      | Noticed Edmund
  3307 | D:4      | Killed Edmund
  3457 | D:4      | Found an ancient bone altar of Kikubaaqudgha.
  3556 | D:4      | Found a sparkling altar of Nemelex Xobeh.
  3556 | D:4      | Found a transporter.
  3557 | D:4      | Reached ** piety under Elyvilon
  3601 | D:5      | Entered Level 5 of the Dungeon
  3601 | D:5      | Noticed Sigmund
  3735 | D:5      | Killed Sigmund
  3951 | D:5      | Reached skill level 6 in Invocations
  4020 | D:5      | Reached skill level 9 in Axes
  4174 | D:5      | Reached skill level 6 in Fighting
  4196 | D:5      | Found a runed door.
  4235 | D:6      | Gained mutation: You passively map the area around you.
                  | [Deep Dwarf growth]
  4235 | D:6      | Reached XP level 9. HP: 70/82 MP: 12/12
  4382 | D:6      | Found Baomauna's Jewellery Shoppe.
  4479 | D:6      | Found a staircase to the Ecumenical Temple.
  4513 | D:6      | Found Oheelum's Magic Scroll Shoppe.
  4517 | D:6      | Bought a scroll of teleportation for 39 gold pieces
  4653 | D:6      | Reached *** piety under Elyvilon
  5494 | D:7      | Reached **** piety under Elyvilon
  5522 | D:7      | Noticed Prince Ribbit
  5540 | D:7      | Killed Prince Ribbit
  5540 | D:7      | Reached skill level 10 in Axes
  5540 | D:7      | Reached skill level 7 in Invocations
  5942 | D:7      | Noticed Duvessa
  5942 | D:7      | Noticed Dowan
  5952 | D:7      | Killed Duvessa
  5954 | D:7      | Killed Dowan
  6103 | D:7      | Found a large runed door.
  6103 | D:7      | Found a large runed door.
  6103 | D:7      | Noticed snuffchall's ghost (novice DEFE)
  6407 | D:8      | Reached skill level 5 in Shields
  6420 | D:8      | Found a blossoming altar of Fedhas.
  6438 | D:8      | Noticed Grum
  6439 | D:8      | Noticed a two-headed ogre
  6460 | D:7      | Reached skill level 7 in Fighting
  6503 | D:8      | Reached skill level 11 in Axes
  6504 | D:8      | Pacified a two-headed ogre
  6504 | D:8      | Reached XP level 10. HP: 83/93 MP: 14/14
  6690 | D:8      | Killed Grum
  6691 | D:8      | Reached skill level 6 in Shields
  6846 | D:9      | Found a staircase to the Orcish Mines.
  6981 | D:9      | Noticed a two-headed ogre
  6987 | D:9      | Pacified a two-headed ogre
  6987 | D:9      | Reached skill level 12 in Axes
  7071 | D:9      | Reached skill level 8 in Fighting
  7087 | D:9      | Reached skill level 7 in Shields
  7120 | D:9      | Found a shimmering altar of Xom.
  7289 | D:9      | Found an ornate altar of the Wu Jian Council.
  7493 | D:9      | Noticed Psyche
  7494 | D:9      | Pacified Psyche
  7677 | D:10     | Entered Level 10 of the Dungeon
  7681 | D:10     | Found Zylaokh's Armour Emporium.
  7722 | D:10     | Reached XP level 11. HP: 93/104 MP: 14/14
  7769 | D:10     | Noticed a two-headed ogre
  7772 | D:10     | Pacified a two-headed ogre
  7772 | D:10     | Reached skill level 13 in Axes
  7810 | D:10     | Found a staircase to the Lair.
  7810 | D:10     | Noticed Urug
  7852 | D:10     | Killed Urug
  7925 | Lair:1   | Entered Level 1 of the Lair of Beasts
  7931 | Lair:1   | Reached skill level 8 in Shields
  7988 | Lair:1   | Reached skill level 9 in Fighting
  8294 | Lair:1   | Reached skill level 14 in Axes
  8479 | Lair:1   | Reached skill level 9 in Shields
  8775 | Lair:1   | Reached XP level 12. HP: 115/115 MP: 12/12
  8825 | Lair:1   | Found the +8 whip "Snakebite" {curare, rPois}
  9091 | Lair:2   | Found a staircase to the Snake Pit.
  9099 | Lair:2   | Noticed a five-headed hydra
  9110 | Lair:2   | Pacified a five-headed hydra
  9289 | Lair:2   | Noticed Gastronok
  9289 | Lair:2   | Noticed Erica
  9303 | Lair:2   | Killed Erica
  9303 | Lair:2   | Reached skill level 4 in Armour
  9313 | Lair:2   | Reached skill level 10 in Fighting
  9340 | Lair:2   | Killed Gastronok
  9340 | Lair:2   | Reached skill level 5 in Armour
  9340 | Lair:2   | Reached skill level 10 in Shields
  9666 | Lair:2   | Reached skill level 6 in Armour
  9676 | Lair:2   | HP: 22/117 [torpor snail (11)]
 10040 | Lair:3   | Reached skill level 11 in Shields
 10176 | Lair:3   | Noticed an eight-headed hydra
 10178 | Lair:3   | Pacified an eight-headed hydra
 10178 | Lair:3   | Reached skill level 7 in Armour
 10193 | Lair:3   | Reached XP level 13. HP: 116/126 MP: 5/9
 10416 | Lair:3   | Reached skill level 11 in Fighting
 11216 | Lair:4   | Found a runed gate.
 11217 | Lair:4   | Found a runed gate.
 11217 | Lair:4   | Found a runed gate.
 11575 | Lair:4   | Found a staircase to the Swamp.
 11676 | Lair:4   | Noticed Rupert
 11708 | Lair:4   | Killed Rupert
 11708 | Lair:4   | Reached skill level 8 in Armour
 11842 | Lair:4   | Found a viscous altar of Jiyva.
 11842 | Lair:4   | Noticed PriceMaster's ghost (journeyman TrMo)
 11842 | Lair:4   | Noticed a death ooze
 12294 | Lair:5   | Reached skill level 12 in Shields
 12483 | Lair:5   | Reached skill level 9 in Armour
 12534 | Lair:5   | Found a staircase to the Slime Pits.
 12751 | Lair:5   | Noticed Snorg
 12787 | Lair:5   | Killed Snorg
 13229 | Lair:6   | Entered Level 6 of the Lair of Beasts
 13370 | Lair:6   | Reached skill level 12 in Fighting
 13373 | Lair:6   | HP: 21/129 [molten gargoyle/bolt of magma (29)]
 13394 | Lair:6   | HP: 19/129 [molten gargoyle/bolt of magma (15)]
 13401 | Lair:6   | Killed from afar by a molten gargoyle

Vault maps used:
D:1:      kennysheep_arrival_forest, hex_medium, minmay_tree_intersection,
          minmay_liquid_box
D:2:      elyvilon_altar_4, minmay_pentomino_pile
D:3:      cheibriados_altar_1, minmay_distorted
D:4:      marbit_many_paths, portal_sewer_entry_f, first_ration,
          grunt_nemelex_the_gamble, uniq_edmund, uniq_pikel, uniq_blork_the_orc,
          uniq_grinder
D:5:      minmay_puff, uniq_sigmund, uniq_crazy_yiuf_cottage
D:6:      minmay_temple_entry_statues_pillars, serial_shops, shop, shop
D:7:      ebering_ghost_disaster_area, serial_co_window_serial,
          co_window_cross_1, co_window_corner_a, co_window_paths_a,
          co_window_paths_a, co_window_paths_b, co_window_broadway_a,
          co_window_broadway_a, co_window_paths_c, co_window_4corner_a,
          glass_columns_a, glass_columns_c, glass_columns_b, grunt_ogre_cave,
          minmay_misc_feat_cross, wad_floor_pattern_untrapped, uniq_duvessa,
          uniq_prince_ribbit1
D:8:      lemuel_doored_altar, uniq_grum
D:9:      lemuel_coloured_pillars_altar, old_standard_altar,
          nicolae_overflow_hidden_temple, david_orc_3, uniq_psyche
D:10:     due_lair_maze_entry_diamond, serial_shops, nicolae_shop_stone,
          uniq_urug
Lair:1:   minmay_guarded_unrand_snakebite
Lair:2:   guppyfry_snake_entry_island, worms_lemuel, uniq_gastronok, uniq_erica
Lair:3:   patterned_corridor
Lair:4:   skrybe_swamp_entry_bodies, gammafunk_ghost_ooze,
          chequers_serial_rivers_room_b, uniq_rupert
Lair:5:   minmay_slime_entry_pillars, serial_bayou_shore_a, uniq_snorg
Lair:6:   cheibrodos_lair_end_hotspot, minmay_lindwurm_lava, uniq_sonja
Sewer:    kennysheep_door_sewer

Skill      XL: |  1  2  3  4  5  6  7  8  9 10 11 12 13 |
---------------+----------------------------------------+-----
Fighting       | 3 4 5 6 7 8 9 10 12 | 12.0
Axes           | 3 4 5 7 9 11 12 14 | 14.8
Shields        | 4 5 7 9 11 12 | 12.6
Invocations    | 4 6 7 |  7.7
Armour         | 7 9 |  9.6

Action                   |  1- 3 |  4- 6 |  7- 9 | 10-12 | 13-15 || total
-------------------------+-------+-------+-------+-------+-------++-------
Melee: War axe           |    66 |       |       |       |       ||    66
       Hand axe          |    32 |   102 |   292 |   396 |       ||   822
       Whip              |       |       |       |   254 |   381 ||   635
Throw: Javelin           |       |     9 |     7 |     7 |     7 ||    30
Invok: Lesser Healing    |       |       |    15 |    40 |    33 ||    88
       Heal Other        |       |       |       |    21 |     4 ||    25
       Greater Healing   |       |       |       |     5 |     8 ||    13
 Abil: Heal Wounds       |     1 |     6 |     3 |    16 |     6 ||    32
Evoke: Wand              |       |       |     3 |     2 |     3 ||     8
  Use: Scroll            |     2 |       |     4 |    12 |     8 ||    26
       Potion            |       |       |       |     2 |       ||     2
  Eat: Chunk             |     3 |     3 |    11 |    17 |    10 ||    44
       Ration            |       |       |     1 |     3 |     3 ||     7
Armor: Scale mail        |    43 |     3 |       |    84 |   105 ||   235
       Plate armour      |       |    37 |   146 |    83 |       ||   266
Dodge: Dodged            |    31 |    17 |    35 |   111 |    70 ||   264
Block: Shield            |    48 |    51 |   127 |   291 |   195 ||   712

Table legend:
 A = Non-vault XP
 B = Vault XP
 C = Vault XP percentage of total XP
 D = Non-vault monster count
 E = Vault monster count
 F = Vault count percentage of total count
                 A         B        C        D         E       F
            +---------+---------+-------+---------+---------+-------
      Total |   36532 |   19636 |  35.0 |     297 |      95 |  24.2
            +---------+---------+-------+---------+---------+-------
        D:1 |      24 |       0 |   0.0 |      14 |       0 |   0.0
        D:2 |     307 |      10 |   3.2 |      29 |       4 |  12.1
        D:3 |     172 |     619 |  78.3 |      21 |       2 |   8.7
        D:4 |     303 |     543 |  64.2 |      18 |      10 |  35.7
        D:5 |     240 |     432 |  64.3 |       9 |       5 |  35.7
        D:6 |     358 |       0 |   0.0 |      12 |       0 |   0.0
        D:7 |     922 |     704 |  43.3 |      16 |       5 |  23.8
        D:8 |    1572 |     307 |  16.3 |      27 |       2 |   6.9
        D:9 |    2070 |     314 |  13.2 |      33 |       7 |  17.5
       D:10 |    1575 |    1776 |  53.0 |      18 |      10 |  35.7
     Lair:1 |    7588 |    2183 |  22.3 |      28 |      14 |  33.3
     Lair:2 |    1783 |    6887 |  79.4 |       7 |      18 |  72.0
     Lair:3 |    7605 |       0 |   0.0 |      27 |       0 |   0.0
     Lair:4 |    2322 |    3082 |  57.0 |       6 |       2 |  25.0
     Lair:5 |    8401 |    1417 |  14.4 |      27 |       3 |  10.0
     Lair:6 |    1290 |    1222 |  48.6 |       5 |       7 |  58.3
      Sewer |       0 |     140 | 100.0 |       0 |       6 | 100.0
            +---------+---------+-------+---------+---------+-------

Vault maps used:
D:1:      kennysheep_arrival_forest, hex_medium, minmay_tree_intersection,
          minmay_liquid_box
D:2:      elyvilon_altar_4, minmay_pentomino_pile
D:3:      cheibriados_altar_1, minmay_distorted
D:4:      marbit_many_paths, portal_sewer_entry_f, first_ration,
          grunt_nemelex_the_gamble, uniq_edmund, uniq_pikel, uniq_blork_the_orc,
          uniq_grinder
D:5:      minmay_puff, uniq_sigmund, uniq_crazy_yiuf_cottage
D:6:      minmay_temple_entry_statues_pillars, serial_shops, shop, shop
D:7:      ebering_ghost_disaster_area, serial_co_window_serial,
          co_window_cross_1, co_window_corner_a, co_window_paths_a,
          co_window_paths_a, co_window_paths_b, co_window_broadway_a,
          co_window_broadway_a, co_window_paths_c, co_window_4corner_a,
          glass_columns_a, glass_columns_c, glass_columns_b, grunt_ogre_cave,
          minmay_misc_feat_cross, wad_floor_pattern_untrapped, uniq_duvessa,
          uniq_prince_ribbit1
D:8:      lemuel_doored_altar, uniq_grum
D:9:      lemuel_coloured_pillars_altar, old_standard_altar,
          nicolae_overflow_hidden_temple, david_orc_3, uniq_psyche
D:10:     due_lair_maze_entry_diamond, serial_shops, nicolae_shop_stone,
          uniq_urug
Lair:1:   minmay_guarded_unrand_snakebite
Lair:2:   guppyfry_snake_entry_island, worms_lemuel, uniq_gastronok, uniq_erica
Lair:3:   patterned_corridor
Lair:4:   skrybe_swamp_entry_bodies, gammafunk_ghost_ooze,
          chequers_serial_rivers_room_b, uniq_rupert
Lair:5:   minmay_slime_entry_pillars, serial_bayou_shore_a, uniq_snorg
Lair:6:   cheibrodos_lair_end_hotspot, minmay_lindwurm_lava, uniq_sonja
Sewer:    kennysheep_door_sewer

Table legend:
 A = Turns spent in this place as a percentage of turns spent in the entire game.
 B = Non-inter-level travel turns spent in this place as a percentage of non-inter-level travel turns spent in the entire game.
 C = Inter-level travel turns spent in this place as a percentage of turns spent in this place.
 D = Turns resting spent in this place as a percentage of non-inter-level travel turns spent in this place.
 E = Turns spent auto-exploring this place as a percentage of non-inter-level travel turns spent in this place.
 F = Non-inter-level travel turns spent in this place divided by the number of levels of this place that you've seen.
                   A       B       C       D       E      F
               +-------+-------+-------+-------+-------+----------------------
         Total | 100.0 | 100.0 |   3.3 |   7.0 |  65.9 | 761.9
       Dungeon |  58.0 |  57.7 |   3.9 |   5.3 |  71.3 | 747.4
          Lair |  40.9 |  41.2 |   2.6 |   9.5 |  58.3 | 888.7
         Sewer |   1.1 |   1.1 |   0.0 |   0.0 |  59.2 | 147.0
               +-------+-------+-------+-------+-------+----------------------

Table legend:
 A = Kills in this place as a percentage of kills in entire the game.
 B = Kills by you in this place as a percentage of kills by you in the entire game.
 C = Kills by friends in this place as a percentage of kills by friends in the entire game.
 D = Other kills in this place as a percentage of other kills in the entire game.
 E = Experience gained in this place as a percentage of experience gained in the entire game.
 F = Experience gained in this place divided by the number of levels of this place that you have seen.
                   A       B       C       D       E      F
               +-------+-------+-------+-------+-------+----------------------
         Total | 100.0 | 100.0 | 100.0 | 100.0 | 100.0 | 3304.0
       Dungeon |  61.7 |  61.8 |   0.0 | 100.0 |  21.8 | 1224.8
          Lair |  36.7 |  36.7 | 100.0 |   0.0 |  77.9 | 7296.7
         Sewer |   1.5 |   1.5 |   0.0 |   0.0 |   0.2 | 140.0
               +-------+-------+-------+-------+-------+----------------------
